| 
	| TOP OF THE 1ST | 
|---|
 
		| Albuquerque Isotopes batting - Pitching for Memphis Redbirds : RHP David Murphy |  
		| Pitching: RHP David Murphy |  |  
		| Batting: LHB Pablo Cardona | 0-0: Foul Ball, location: 2F 0-1: SINGLE  (Line Drive, 7S, EV 91.9 MPH)
 |  
		| Batting: RHB Mike Thornton | 0-0: Ball 1-0: Foul Ball, location: 2F
 1-1: Ball
 2-1: Swinging Strike
 2-2: Ball
 3-2: Base on Balls
 Pablo Cardona to second
 |  
		| Batting: RHB Eddie McCoy | 0-0: Fielders Choice at 2nd, 6-4 (Groundball, 6M, EV 83.1 MPH) Pablo Cardona to third
 |  
		| Batting: RHB Joe LaDue | 0-0: Called Strike 0-1: Foul Ball, location: 2F
 0-2: Ball
 1-2: Foul Ball, location: 2F
 1-2: Fielders Choice at 2nd, 5-4 (Groundball, 5L, EV 102.5 MPH)
 Pablo Cardona scores
 |  
		| Batting: LHB Katsunan Akimoto | 0-0: Ball 1-0: Called Strike
 1-1: Swinging Strike
 1-2: Strikes out swinging
 |  
		| Top of the 1st over - 1 run, 1 hit, 0 errors, 1 left on base; Albuquerque 1 - Memphis 0 |  
	| BOTTOM OF THE 1ST | 
|---|
 
		| Memphis Redbirds batting - Pitching for Albuquerque Isotopes : RHP Chris Geraci |  
		| Pitching: RHP Chris Geraci |  |  
		| Batting: RHB Rick O'Reilly | 0-0:  Fly out, F5  (Popup, 25, EV 88.1 MPH) |  
		| Batting: SHB Luke Robbins | 0-0: Called Strike 0-1: Called Strike
 0-2: Ball
 1-2: Strikes out looking
 |  
		| Batting: RHB Melvin Enriquez | 0-0: Ball 1-0: Called Strike
 1-1: Ball
 2-1:  Fly out, F8  (Flyball, 8RM, EV 81.9 MPH)
 |  
		| Bottom of the 1st over - 0 runs, 0 hits, 0 errors, 0 left on base; Albuquerque 1 - Memphis 0 |  
	| TOP OF THE 2ND | 
|---|
 
		| Albuquerque Isotopes batting - Pitching for Memphis Redbirds : RHP David Murphy |  
		| Batting: RHB Logan Morgan | 0-0: Ball 1-0: Ball
 2-0: Foul Ball, location: 2F
 2-1: Foul Ball, location: 2F
 2-2: Ground out 6-3 (Groundball, 6, EV 78.8 MPH)
 |  
		| Batting: RHB John Freeman | 0-0: Ball 1-0: Called Strike
 1-1: Foul Ball, location: 2F
 1-2: Strikes out swinging
 |  
		| Batting: RHB Bobby Heagle | 0-0: Foul Ball, location: 2F 0-1: Ball
 1-1: Called Strike
 1-2: Ball
 2-2:  Fly out, F9  (Flyball, 89M, EV 90.6 MPH)
 |  
		| Top of the 2nd over - 0 runs, 0 hits, 0 errors, 0 left on base; Albuquerque 1 - Memphis 0 |  
	| BOTTOM OF THE 2ND | 
|---|
 
		| Memphis Redbirds batting - Pitching for Albuquerque Isotopes : RHP Chris Geraci |  
		| Batting: LHB Ronnie Ashley | 0-0: Called Strike 0-1: Ball
 1-1: Ball
 2-1: Ball
 3-1: Base on Balls
 |  
		| Batting: RHB Danny Gallo | 0-0: Called Strike 0-1: Foul Ball, location: 2F
 0-2: Ball
 1-2: Foul Ball, location: 2F
 1-2: Ball
 2-2: Foul Ball, location: 2F
 2-2: Strikes out swinging
 |  
		| Batting: SHB Dan Hill | 0-0: Foul Ball, location: 2F 0-1: Ball
 1-1: Ball
 2-1: Grounds into double play, U6-3 (Groundball, 4M, EV 102.5 MPH)
 |  
		| Bottom of the 2nd over - 0 runs, 0 hits, 0 errors, 0 left on base; Albuquerque 1 - Memphis 0 |  
	| TOP OF THE 3RD | 
|---|
 
		| Albuquerque Isotopes batting - Pitching for Memphis Redbirds : RHP David Murphy |  
		| Batting: RHB Brian Landrum | 0-0: Foul Ball, location: 2F 0-1: Ball
 1-1: Foul Ball, location: 2F
 1-2: DOUBLE  (Line Drive, 9LS, EV 105.0 MPH)
 |  
		| Batting: LHB Pablo Cardona | 0-0: Ball 1-0: Called Strike
 1-1: Ground out 4-3 (Groundball, 4S, EV 88.8 MPH)
 Brian Landrum to third
 |  
		| Batting: RHB Mike Thornton | 0-0: Ground out 4-3 (Groundball, 4M, EV 85.6 MPH) Brian Landrum scores
 |  
		| Batting: RHB Eddie McCoy | 0-0: DOUBLE  (Line Drive, 5D, EV 98.8 MPH) |  
		| Batting: RHB Joe LaDue | 0-0: Ball 1-0: Ball
 2-0: Called Strike
 2-1: Foul Ball, location: 2F
 2-2: Ground out 6-3 (Groundball, 6M, EV 91.2 MPH)
 |  
		| Top of the 3rd over - 1 run, 2 hits, 0 errors, 1 left on base; Albuquerque 2 - Memphis 0 |  
	| BOTTOM OF THE 3RD | 
|---|
 
		| Memphis Redbirds batting - Pitching for Albuquerque Isotopes : RHP Chris Geraci |  
		| Batting: RHB John Parra | 0-0: Ball 1-0: Ground out U3 (Groundball, 34, EV 103.1 MPH)
 |  
		| Batting: RHB Jason Gee | 0-0: Called Strike 0-1: Ball
 1-1: Ball
 2-1: Swinging Strike
 2-2: Strikes out looking
 |  
		| Batting: LHB Adam Eisen | 0-0: Foul Ball, location: 2F 0-1: Foul Ball, location: 2F
 0-2: Ball
 1-2: Ground out 5-3 (Groundball, 5, EV 107.5 MPH)
 |  
		| Bottom of the 3rd over - 0 runs, 0 hits, 0 errors, 0 left on base; Albuquerque 2 - Memphis 0 |  
	| TOP OF THE 4TH | 
|---|
 
		| Albuquerque Isotopes batting - Pitching for Memphis Redbirds : RHP David Murphy |  
		| Batting: LHB Katsunan Akimoto | 0-0: Ball 1-0: Called Strike
 1-1: Ball
 2-1: Swinging Strike
 2-2: Foul Ball, location: 2F
 2-2: Ball
 3-2: Base on Balls
 |  
		| Batting: RHB Logan Morgan | 0-0: Ball 1-0: Swinging Strike
 1-1: Ball
 2-1: Ball
 3-1: Base on Balls
 Katsunan Akimoto to second
 |  
		| Batting: RHB John Freeman | 0-0: Called Strike 0-1: Reached on error, E1 (Groundball, 34S, EV 73.1 MPH)
 Katsunan Akimoto to third
 Logan Morgan to second
 |  
		| Batting: RHB Bobby Heagle | 0-0: Called Strike 0-1: SINGLE  (Line Drive, 8LS, EV 101.9 MPH)
 Katsunan Akimoto scores
 Logan Morgan to third
 John Freeman to second
 |  
		| Batting: RHB Brian Landrum | 0-0: Ball 1-0: Called Strike
 1-1: SINGLE  (Groundball, 6MD, EV 108.8 MPH)
 Logan Morgan scores
 John Freeman to third
 Bobby Heagle to second
 |  
		| Batting: LHB Pablo Cardona | 0-0: Foul Ball, location: 2F 0-1: Ball
 1-1: Swinging Strike
 1-2: Foul Ball, location: 2F
 1-2: Fielders Choice at 2nd, 6-4 (Groundball, 6, EV 78.8 MPH)
 John Freeman scores
 Bobby Heagle to third
 |  
		| Batting: RHB Mike Thornton | 0-0: SINGLE  (Groundball, 34D, EV 110.0 MPH) Bobby Heagle scores
 Pablo Cardona to second
 Runner from 2nd tries for 3rd, OUT! 9-5
 |  
		| Batting: RHB Eddie McCoy | 0-0: Swinging Strike 0-1: Fielders Choice at 2nd, 6-4 (Groundball, 56, EV 85.0 MPH)
 |  
		| Top of the 4th over - 4 runs, 3 hits, 1 error, 1 left on base; Albuquerque 6 - Memphis 0 |  
	| BOTTOM OF THE 4TH | 
|---|
 
		| Memphis Redbirds batting - Pitching for Albuquerque Isotopes : RHP Chris Geraci |  
		| Batting: RHB Rick O'Reilly | 0-0: Ball 1-0: Called Strike
 1-1: Ball
 2-1: Foul Ball, location: 2F
 2-2: Ball
 3-2: Foul Ball, location: 2F
 3-2: Foul Ball, location: 2F
 3-2: Foul Ball, location: 2F
 3-2: DOUBLE  (Flyball, 7LD, EV 102.5 MPH)
 |  
		| Batting: SHB Luke Robbins | 0-0: Foul Ball, location: 2F 0-1: Foul Ball, location: 2F
 0-2: Ball
 1-2: Ground out 6-3 (Groundball, 6M, EV 101.9 MPH)
 Rick O'Reilly to third
 |  
		| Batting: RHB Melvin Enriquez | 0-0: Foul Ball, location: 2F 0-1: Ball
 1-1: Ball
 2-1: Called Strike
 2-2: Foul Ball, location: 2F
 2-2: Ground out 6-3 (Groundball, 6, EV 78.1 MPH)
 Rick O'Reilly scores
 |  
		| Batting: LHB Ronnie Ashley | 0-0: Called Strike 0-1: Called Strike
 0-2: Ball
 1-2: Strikes out swinging
 |  
		| Bottom of the 4th over - 1 run, 1 hit, 0 errors, 0 left on base; Albuquerque 6 - Memphis 1 |  
	| TOP OF THE 5TH | 
|---|
 
		| Albuquerque Isotopes batting - Pitching for Memphis Redbirds : RHP David Murphy |  
		| Batting: RHB Joe LaDue | 0-0: Called Strike 0-1: Ball
 1-1: Foul Ball, location: 2F
 1-2: Foul Ball, location: 2F
 1-2: Ball
 2-2: Strikes out swinging
 |  
		| Batting: LHB Katsunan Akimoto | 0-0: Swinging Strike 0-1: Swinging Strike
 0-2: Hit by Pitch
 |  
		| Batting: RHB Logan Morgan | 0-0: Ball 1-0: Called Strike
 1-1: Foul Ball, location: 2F
 1-2:  Fly out, F7  (Line Drive, 7S, EV 93.1 MPH)
 |  
		| Batting: RHB John Freeman | 0-0: Ball 1-0: Ball
 2-0: Fielders Choice at 2nd, 6-4 (Groundball, 6, EV 78.8 MPH)
 |  
		| Top of the 5th over - 0 runs, 0 hits, 0 errors, 1 left on base; Albuquerque 6 - Memphis 1 |  
	| BOTTOM OF THE 5TH | 
|---|
 
		| Memphis Redbirds batting - Pitching for Albuquerque Isotopes : RHP Chris Geraci |  
		| Batting: RHB Danny Gallo | 0-0: Foul Ball, location: 2F 0-1: Swinging Strike
 0-2: Ball
 1-2: Strikes out swinging
 |  
		| Batting: SHB Dan Hill | 0-0: Ball 1-0: SINGLE  (Groundball, 3D, EV 109.4 MPH)
 |  
		| Batting: RHB John Parra | 0-0: Grounds into double play, 6-4-3 (Groundball, 6, EV 80.6 MPH) |  
		| Bottom of the 5th over - 0 runs, 1 hit, 0 errors, 0 left on base; Albuquerque 6 - Memphis 1 |  
	| TOP OF THE 6TH | 
|---|
 
		| Albuquerque Isotopes batting - Pitching for Memphis Redbirds : RHP David Murphy |  
		| Batting: RHB Bobby Heagle | 0-0:  Fly out, F7  (Flyball, 78M, EV 75.6 MPH) |  
		| Batting: RHB Brian Landrum | 0-0: SINGLE  (Flyball, 4D, EV 88.1 MPH) |  
		| Batting: LHB Pablo Cardona | 0-0: Foul Ball, location: 2F 0-1: Foul Ball, location: 2F
 0-2: Strikes out swinging
 |  
		| Batting: RHB Mike Thornton | 0-0:  Fly out, F7  (Line Drive, 78D, EV 90.0 MPH) |  
		| Top of the 6th over - 0 runs, 1 hit, 0 errors, 1 left on base; Albuquerque 6 - Memphis 1 |  
	| BOTTOM OF THE 6TH | 
|---|
 
		| Memphis Redbirds batting - Pitching for Albuquerque Isotopes : RHP Chris Geraci |  
		| Batting: RHB Jason Gee | 0-0: Called Strike 0-1: Ball
 1-1: Swinging Strike
 1-2: Ball
 2-2: Ground out 2-3 (Groundball, 15S, EV 77.5 MPH)
 |  
		| Batting: LHB Adam Eisen | 0-0: Ground out 6-3 (Groundball, 6, EV 87.5 MPH) |  
		| Batting: RHB Rick O'Reilly | 0-0: Swinging Strike 0-1: Foul Ball, location: 2F
 0-2: Ball
 1-2: Ground out 6-3 (Groundball, 6D, EV 102.5 MPH)
 |  
		| Bottom of the 6th over - 0 runs, 0 hits, 0 errors, 0 left on base; Albuquerque 6 - Memphis 1 |  
	| TOP OF THE 7TH | 
|---|
 
		| Albuquerque Isotopes batting - Pitching for Memphis Redbirds : RHP David Murphy |  
		| Pitching: RHP Andy Temples |  |  
		| Batting: RHB Eddie McCoy | 0-0: Ball 1-0: Swinging Strike
 1-1: Foul Ball, location: 2F
 1-2: Strikes out looking
 |  
		| Batting: RHB Joe LaDue | 0-0: Called Strike 0-1: Ball
 1-1: SINGLE  (Line Drive, 3D, EV 104.4 MPH)
 |  
		| Batting: LHB Katsunan Akimoto | 0-0: Called Strike 0-1: Called Strike
 0-2: Foul Ball, location: 2F
 0-2: Foul Ball, location: 2F
 0-2: SINGLE  (Groundball, 34D, EV 109.4 MPH)
 Joe LaDue to second
 Runner from 2nd tries for 3rd, OUT! 9-5
 |  
		| Batting: RHB Logan Morgan | 0-0: Called Strike 0-1: Called Strike
 0-2: Fielders Choice at 2nd, 6-4 (Groundball, 56, EV 86.9 MPH)
 |  
		| Top of the 7th over - 0 runs, 2 hits, 0 errors, 1 left on base; Albuquerque 6 - Memphis 1 |  
	| BOTTOM OF THE 7TH | 
|---|
 
		| Memphis Redbirds batting - Pitching for Albuquerque Isotopes : RHP Chris Geraci |  
		| Batting: SHB Luke Robbins | 0-0: Ball 1-0: Foul Ball, location: 2F
 1-1:  Fly out, F8  (Line Drive, 8LM, EV 108.8 MPH)
 |  
		| Batting: RHB Melvin Enriquez | 0-0: Called Strike 0-1: Ball
 1-1: Ball
 2-1: Ball
 3-1: Swinging Strike
 3-2:  Fly out, F8  (Line Drive, 8LM, EV 86.2 MPH)
 |  
		| Batting: LHB Ronnie Ashley | 0-0: Foul Ball, location: 2F 0-1: Foul Ball, location: 2F
 0-2: Ball
 1-2: Ball
 2-2: Ground out 6-3 (Groundball, 6, EV 79.4 MPH)
 |  
		| Bottom of the 7th over - 0 runs, 0 hits, 0 errors, 0 left on base; Albuquerque 6 - Memphis 1 |  
	| TOP OF THE 8TH | 
|---|
 
		| Albuquerque Isotopes batting - Pitching for Memphis Redbirds : RHP Andy Temples |  
		| Batting: RHB John Freeman | 0-0: Ball 1-0: Ground out 6-3 (Groundball, 6, EV 88.1 MPH)
 |  
		| Batting: RHB Bobby Heagle | 0-0: Called Strike 0-1: Ball
 1-1: Foul Ball, location: 2F
 1-2: Strikes out swinging
 |  
		| Batting: RHB Brian Landrum | 0-0: Called Strike 0-1: Ball
 1-1: Ground out 6-3 (Groundball, 6, EV 84.4 MPH)
 |  
		| Top of the 8th over - 0 runs, 0 hits, 0 errors, 0 left on base; Albuquerque 6 - Memphis 1 |  
	| BOTTOM OF THE 8TH | 
|---|
 
		| Memphis Redbirds batting - Pitching for Albuquerque Isotopes : RHP Chris Geraci |  
		| Batting: RHB Danny Gallo | 0-0: Ball 1-0: Foul Ball, location: 2F
 1-1: Ball
 2-1: Called Strike
 2-2: Ball
 3-2: SINGLE  (Groundball, 56S, EV 66.2 MPH) (infield hit)
 |  
		| Pitching: LHP Drew Huckeba |  |  
		| Batting: SHB Dan Hill | 0-0:  Fly out, F7  (Flyball, 78D, EV 91.9 MPH) |  
		| Batting: RHB John Parra | 0-0: Ball 1-0: Called Strike
 1-1: Swinging Strike
 1-2: Ball
 2-2: Ball
 3-2: Base on Balls
 Danny Gallo to second
 |  
		| Batting: RHB Jason Gee | 0-0: Ball 1-0: Ball
 2-0: Called Strike
 2-1: SINGLE  (Line Drive, 34D, EV 100.6 MPH)
 Danny Gallo to third
 John Parra to second
 |  
		| Pinch Hitting: RHB Josh Martin | 0-0: Called Strike 0-1: Called Strike
 0-2: Ball
 1-2:  Fly out, F4  (Popup, 23, EV 82.5 MPH)
 |  
		| Batting: RHB Rick O'Reilly | 0-0: Ball 1-0: Ball
 2-0: Ball
 3-0: Called Strike
 3-1: Base on Balls
 Danny Gallo scores
 John Parra to third
 Jason Gee to second
 |  
		| Batting: SHB Luke Robbins | 0-0: Ball 1-0: Foul Ball, location: 2F
 1-1: Called Strike
 1-2: Ball
 2-2: Foul Ball, location: 2F
 2-2: Ball
 3-2: Strikes out swinging
 |  
		| Bottom of the 8th over - 1 run, 2 hits, 0 errors, 3 left on base; Albuquerque 6 - Memphis 2 |  
	| TOP OF THE 9TH | 
|---|
 
		| Albuquerque Isotopes batting - Pitching for Memphis Redbirds : RHP Andy Temples |  
		| Now at 2B: Josh Martin |  |  
		| Now in RF: Rick O'Reilly |  |  
		| Batting: LHB Pablo Cardona | 0-0: Ground out 4-3 (Groundball, 4, EV 98.8 MPH) |  
		| Batting: RHB Mike Thornton | 0-0: Foul Ball, location: 2F 0-1: Swinging Strike
 0-2: Strikes out swinging
 |  
		| Batting: RHB Eddie McCoy | 0-0: Ball 1-0: Ball
 2-0: Ball
 3-0: Called Strike
 3-1: SINGLE  (Groundball, 6MD, EV 103.1 MPH)
 |  
		| Batting: RHB Joe LaDue | 0-0: Foul Ball, location: 2F 0-1: Ground out 4-3 (Groundball, 4, EV 85.6 MPH)
 |  
		| Top of the 9th over - 0 runs, 1 hit, 0 errors, 1 left on base; Albuquerque 6 - Memphis 2 |  
	| BOTTOM OF THE 9TH | 
|---|
 
		| Memphis Redbirds batting - Pitching for Albuquerque Isotopes : LHP Drew Huckeba |  
		| Pitching: RHP Jim Averette |  |  
		| Now at 1B: Ron Johansen |  |  
		| Now in LF: Alan Bianchard |  |  
		| Batting: RHB Melvin Enriquez | 0-0: Ball 1-0: Ball
 2-0: Called Strike
 2-1: Foul Ball, location: 2F
 2-2: Ball
 3-2: Base on Balls
 |  
		| Batting: LHB Ronnie Ashley | 0-0: Foul Ball, location: 2F 0-1: Swinging Strike
 0-2: Ball
 1-2: Strikes out swinging
 |  
		| Batting: RHB Danny Gallo | 0-0: Ball 1-0: Ball
 2-0: Foul Ball, location: 2F
 2-1: Swinging Strike
 2-2: Foul Ball, location: 2F
 2-2: Ball
 3-2: Foul Ball, location: 2F
 3-2: Foul Ball, location: 2F
 3-2: Foul Ball, location: 2F
 3-2: Ground out 4-3 (Groundball, 4M, EV 90.0 MPH)
 Melvin Enriquez to second
 |  
		| Batting: SHB Dan Hill | 0-0: Ball 1-0: Ball
 2-0: Called Strike
 2-1: Called Strike
 2-2: Foul Ball, location: 2F
 2-2: Strikes out swinging
 |  
		| Bottom of the 9th over - 0 runs, 0 hits, 0 errors, 1 left on base; Albuquerque 6 - Memphis 2 |  |